 Dungeon Crawl Stone Soup version 0.31-a0-237-g2d982f9f85 (webtiles) character file.

Game seed: 10403880480183219782

98 qw the Shooter (level 4, -1/26 HPs)
             Began as a Gargoyle Hexslinger on July 11, 2023.
             Slain by a kobold brigand
             ... wielding a +1 dagger of draining
              (3 damage)
             ... on level 3 of the Dungeon.
             The game lasted 00:00:49 (1740 turns).

qw the Shooter (Gargoyle Hexslinger)                Turns: 1740, Time: 00:00:50

Health: -1/26      AC:  9    Str: 12    XL:     4   Next: 69%
Magic:  5/5        EV: 10    Int: 13    God:
Gold:   88         SH:  0    Dex: 14    Spells: 4/5 levels left

rFire   . . .        Y - +1 sling
rCold   + . .        (no shield)
rNeg    + . .        i - +0 ring mail {rC+}
rPois   inf          (no helmet)
rElec   +            (no cloak)
rCorr   .            g - +0 pair of gloves
SInv    .            (no boots)
Will    .....        (no amulet)
Stlth   +            (no ring)
HPRegen 0.24/turn    (no ring)
MPRegen 0.09/turn

%: no passive effects
@: about to teleport
A: sickness immunity, AC +3, negative energy resistance 1, electricity
resistance, torment resistance 1, petrification resistance
a: no special abilities


You were on level 3 of the Dungeon.
You visited 1 branch of the dungeon, and saw 3 of its levels.

You collected 88 gold pieces.


Innate Abilities, Weirdness & Mutations

You are immune to sickness and miasma.
Your stone body is resilient. (AC +3)
You are immune to poison.
You resist negative energy. (rN+)
You are resistant to electric shocks. (rElec)
You are resistant to unholy torment.
You are immune to petrification.


   Skills:
 - Level 2.0 Fighting
 + Level 4.2 Ranged Weapons
 - Level 1.0 Armour
 - Level 1.5 Dodging
 - Level 1.0 Spellcasting
 - Level 2.6 Hexes


You had 4 spell levels left.
You knew the following spells:

 Your Spells              Type           Power      Damage    Failure   Level
a - Slow                  Hex            28%        N/A       22%         1

Your spell library contained the following spells:

 Spells                   Type           Power      Damage    Failure   Level
 Inner Flame              Hex/Fire       4%         N/A       73%         3
 Portal Projectile        Hex/Tloc       8%         N/A       73%         3
 Cause Fear               Hex            3%         N/A       91%         4

Inventory:

Hand Weapons
 Y - a +1 sling (weapon)
Armour
 g - a +0 pair of gloves (worn)
 i - a +0 ring mail of cold resistance (worn)
Scrolls
 b - 2 scrolls of teleportation
 c - a scroll of identify
Potions
 a - a potion of degeneration {unknown}
 e - a potion of curing {unknown}
 f - a potion of enlightenment {unknown}

Dungeon Overview and Level Annotations

Branches:
Dungeon (3/15)

Altars:


Message History

The sling bullet hits the kobold brigand but does no damage.
The kobold brigand is lightly wounded.
The kobold closely misses you.
The kobold brigand hits you with a +1 dagger of draining.
You shoot a sling bullet.
The sling bullet hits the kobold brigand but does no damage.
The kobold brigand is lightly wounded.
The kobold hits you but does no damage. The kobold barely misses you.
The kobold brigand barely misses you. The kobold hits you with a +0 club.
You shoot a sling bullet.
The sling bullet hits the kobold brigand.
The kobold brigand is lightly wounded.
The kobold hits you but does no damage. The kobold completely misses you.
The kobold brigand hits you but does no damage.
The kobold hits you but does no damage.
You shoot a sling bullet.
The sling bullet hits the kobold brigand.
The kobold brigand is moderately wounded.
The kobold hits you but does no damage. The kobold barely misses you.
The kobold brigand closely misses you. The kobold barely misses you.
The kobold hits you but does no damage. The kobold misses you.
The kobold hits you but does no damage.
The kobold brigand hits you with a +1 dagger of draining.
You shoot a sling bullet.
The sling bullet hits the kobold brigand.
The kobold brigand is moderately wounded.
The kobold closely misses you. The kobold hits you but does no damage.
The kobold brigand hits you with a +1 dagger of draining.
The kobold hits you but does no damage.
You shoot a sling bullet.
The sling bullet closely misses the kobold brigand.
The kobold hits you with a +0 club. The kobold hits you but does no damage.
The kobold brigand hits you with a +1 dagger of draining.
The kobold hits you but does no damage.
1740 ||| READING 3 scrolls of teleportation.
As you read the scroll of teleportation, it crumbles to dust.
You feel strangely unstable. The kobold hits you with a +0 club.
The kobold closely misses you.
The kobold brigand hits you with a +1 dagger of draining.
You die...

#..............
#..#...#..######.#
#..#####.## #... #..#
#. #.#. ##). #. #...
#.g# ##.# #.K# #..
##KK###. ....# ###
#.K@K##..<....######
#.............##....
#.##.##.......##.###
#.##.##.......##.#..
#....#...........#.#
#..###..##..###..#.#
##......).)...##.....
#.....#..#..(.......#
#.....#..#....##.####


You could see a kobold brigand, a hobgoblin and 4 kobolds.

Vanquished Creatures
  3 adders
  A worm (D:2)
  A dart slug (D:1)
  2 orcs (D:3)
  7 ball pythons
  4 bats
  6 endoplasms
  2 giant cockroaches
  5 goblins
  9 hobgoblins
  4 jackals (D:2)
  5 kobolds
  2 quokkas (D:2)
  2 frilled lizards
  2 rats
55 creatures vanquished.

Notes
Turn   | Place    | Note
-------+----------+-------------------------------------------
     0 | D:1      | qw the Gargoyle Hexslinger began the quest for the Orb.
     0 | D:1      | Reached XP level 1. HP: 12/12 MP: 2/2
     0 | D:1      | 0 ||| qw: Version: 0.3-a-52-g30416fa
     0 | D:1      | 0 ||| qw: Game counter: 5860
     0 | D:1      | 0 ||| qw: Melee chars always use a shield: true
     0 | D:1      | 0 ||| qw: God list: Okawaru
     0 | D:1      | 0 ||| qw: Allow faded altars: false
     0 | D:1      | 0 ||| qw: Do Orc after clearing Dungeon:15 true
     0 | D:1      | 0 ||| qw: Do second Lair branch before Depths: true
     0 | D:1      | 0 ||| qw: Lair rune preference: random
     0 | D:1      | 0 ||| qw: Goals: Normal
     0 | D:1      | 0 ||| PLANNING D:1-11
    78 | D:1      | Reached XP level 2. HP: 16/16 MP: 3/3
   174 | D:1      | Reached skill level 3 in Ranged Weapons
   352 | D:1      | Reached XP level 3. HP: 21/21 MP: 4/4
   692 | D:1      | 692 ||| UPGRADING to +0 ring mail.
   702 | D:1      | 702 ||| DROPPING +0 robe.
   703 | D:1      | 703 ||| UPGRADING to +0 pair of gloves.
   708 | D:1      | 708 ||| UPGRADING to +0 ring mail of cold resistance.
   718 | D:1      | 718 ||| DROPPING +0 ring mail.
   719 | D:1      | 719 ||| READING scroll labelled NUBLUMM CUSEAFF.
   720 | D:1      | 720 ||| READING scroll labelled TOIBYP TIQI.
   721 | D:1      | 721 ||| READING scroll labelled XUETUG KEJEAS.
   722 | D:1      | 722 ||| DROPPING scroll of poison.
   794 | D:2      | Reached skill level 1 in Armour
  1065 | D:2      | Reached XP level 4. HP: 26/26 MP: 5/5
  1343 | D:2      | Reached skill level 4 in Ranged Weapons
  1456 | D:2      | 1456 ||| READING 4 scrolls labelled UTTEPO ASHRAUJ.
  1460 | D:2      | 1460 ||| READING scroll labelled ZILAG LULLAR.
  1461 | D:2      | 1461 ||| READING scroll labelled RENYOXTOKHLUFF.
  1724 | D:3      | Noticed a kobold brigand
  1739 | D:3      | HP: 6/26 [kobold/+0 club (4)]
  1740 | D:3      | 1740 ||| READING 3 scrolls of teleportation.
  1740 | D:3      | HP: 2/26 [kobold/+0 club (1)]
  1740 | D:3      | Slain by a kobold brigand

Levels and vault maps discovered:
D:1:      saegor_arrival_simple_c, layout_loops_ring, minmay_unequal
D:2:      layout_loops_ring, st_stairs_4, corexii_corridor_pit,
          minmay_close_crescents
D:3:      cheibrodos_thug_alley, layout_loops_cross, lemuel_round_altar

Skill      XL: |  1  2  3  4 |
---------------+-------------+-----
Ranged Weapons | 3 4 |  4.2
Fighting       | 2 |  2.0
Armour         | 1 |  1.0
Dodging        | |  1.5
Spellcasting   | |  1.0
Hexes          | |  2.6

Action                     |  1- 3 |  4- 6 || total
---------------------------+-------+-------++-------
   Fire: Sling             |   146 |    67 ||   213
    Use: Scroll            |     3 |     4 ||     7
 Armour: Robe              |     4 |       ||     4
         Ring mail         |    50 |    28 ||    78
  Dodge: Dodged            |    59 |    37 ||    96

Table legend:
 A = Non-vault XP
 B = Vault XP
 C = Vault XP percentage of total XP
 D = Non-vault monster count
 E = Vault monster count
 F = Vault count percentage of total count
                 A         B        C        D         E       F
            +---------+---------+-------+---------+---------+-------
      Total |      96 |      44 |  31.4 |      38 |      17 |  30.9
            +---------+---------+-------+---------+---------+-------
        D:1 |      30 |      10 |  25.0 |      16 |       5 |  23.8
        D:2 |      45 |      28 |  38.4 |      17 |       9 |  34.6
        D:3 |      21 |       6 |  22.2 |       5 |       3 |  37.5
            +---------+---------+-------+---------+---------+-------
